 Dungeon Crawl Stone Soup version 0.31.0-11-ge490571c62 (webtiles) character file.

Game seed: 17610731925414676865

761 browni3141 the Chopper (level 7, -10/61 HPs)
             Began as a Minotaur Fighter on Jan 27, 2024.
             Killed from afar by an orc wizard (12 damage)
             ... with a magic dart
             ... on level 4 of the Dungeon.
             The game lasted 00:01:20 (1583 turns).

browni3141 the Chopper (Minotaur Fighter)           Turns: 1583, Time: 00:01:21

Health: -10/61     AC:  7    Str: 23    XL:     7   Next: 51%
Magic:  6/6        EV: 10    Int:  5    God:
Gold:   44         SH:  0    Dex:  9    Spells: 6/6 levels left

rFire   . . .        a - +0 war axe
rCold   . . .        c - +0 buckler
rNeg    . . .        b - +0 scale mail
rPois   .            (helmet restricted)
rElec   .            (no cloak)
rCorr   .            (no gloves)
SInv    .            (no boots)
Will    .....        (no amulet) Stlth
                     (no ring)
HPRegen 0.30/turn    (no ring)
MPRegen 0.10/turn

%: no passive effects
@: confused
A: horns 2, retaliatory headbutt
a: no special abilities


You were on level 4 of the Dungeon.
You visited 1 branch of the dungeon, and saw 4 of its levels.

You collected 44 gold pieces.

Inventory:

Hand Weapons
 a - a +0 war axe (weapon)
Armour
 b - a +0 scale mail (worn)
 c - a +0 buckler (worn)
Jewellery
 n - a +4 ring of protection
Scrolls
 d - a scroll of enchant armour {unknown}
 e - a scroll of immolation {unknown}
 f - 2 scrolls of enchant weapon {unknown}
 g - a scroll of noise {unknown}
 h - 2 scrolls of teleportation {unknown}
 i - a scroll of poison {unknown}
 j - a scroll of identify {unknown}
 l - a scroll of blinking {unknown}
 o - a scroll of silence {unknown}
Potions
 k - a potion of degeneration {unknown}
 m - a potion of curing {unknown}


   Skills:
 + Level 5.4 Fighting
 * Level 6.2 Axes
 + Level 5.5 Armour
 + Level 3.3 Dodging
 + Level 5.4 Shields


You had 6 spell levels left.
You didn't know any spells.
Your spell library was empty.

Dungeon Overview and Level Annotations

Branches:
Dungeon (4/15)
 Temple: D:4-7

Altars:
Kikubaaqudgha

Shops:
D:3 (


Innate Abilities, Weirdness & Mutations

You have a pair of horns on your head.
You reflexively headbutt those who attack you in melee.


Message History

You kill the endoplasm!
No target in view!
No target in view!
o - a scroll labelled QUNIOTW ZURGH
Found a stone staircase leading down.
A giant cockroach comes into view.
A giant cockroach is nearby!
A giant cockroach is nearby!
A giant cockroach is nearby!
You closely miss the giant cockroach.
The giant cockroach bites you but does no damage.
You barely miss the giant cockroach. The giant cockroach misses you.
You furiously retaliate!
You headbutt the giant cockroach!
You kill the giant cockroach!
No target in view!
No target in view!
Found a stone staircase leading up.
You see here a +0 flail.
An orc comes into view. It is wielding a +0 hand axe.
The orc shouts!
You hear a shout!
An orc is nearby!
An orc is nearby!
An orc is nearby!
An orc is nearby!
An orc comes into view. It is wielding a +0 war axe.
The orc shouts!
An orc wizard comes into view. It is wielding a +0 dagger.
An orc priest comes into view. It is wielding a +0 club.
An orc priest comes into view. It is wielding a +0 short sword.
The orc priest shouts!
The orc hits you with a +0 hand axe.
You slash the orc!
You kill the orc!
The orc wizard gestures wildly while chanting.
The orc wizard flickers and vanishes!
Deactivating autopickup; reactivate with Ctrl-A.
You hit the orc.
The orc is severely wounded.
You closely miss the orc.
The orc is severely wounded.
A jelly comes into view.
The orc closely misses you. You furiously retaliate!
You headbutt the orc.
You kill the orc!
You hear some strange, mumbled words.
A puff of flame appears from out of thin air!
The puff of flame hits you.
The orc priest invokes the aid of Beogh against you.
Beogh smites you! Something hits you.
Things that are here:
a +0 hand axe; an orc corpse You hit the orc priest.
The orc priest is lightly wounded.
You hit something.
The orc priest calls down the wrath of Beogh upon you.
Beogh smites you!
The orc priest hits you but does no damage. x2
Something hits you but does no damage.
You slash the orc priest!
The orc priest is heavily wounded.
You hit the orc priest. You hit something.
The orc priest mumbles some strange prayers to Beogh against you.
Beogh smites you! The orc priest closely misses you. You furiously retaliate!
You headbutt the orc priest. Something hits you but does no damage.
The jelly hits you.
You are splashed with acid.
The orc priest hits you but does no damage.
Something hits you. You block the orc priest's attack.
You hit the orc priest.
You kill the orc priest!
You hit the orc priest. You hit the jelly.
Your hands burn!
You barely miss something.
The orc priest hits you but does no damage.
The jelly closely misses you. Something hits you.
You are too injured to fight recklessly!
You are too injured to fight recklessly!
The jelly barely misses you. You furiously retaliate!
You headbutt the jelly. The orc priest completely misses you.
Things that are here:
a +0 short sword; an orc corpse You are too injured to fight recklessly!
You are too injured to fight recklessly!
You are too injured to fight recklessly!
You are too injured to fight recklessly!
You are too injured to fight recklessly!
You hit the orc priest.
You kill the orc priest!
You closely miss something. You hit the jelly.
Your hands burn!
Something hits you but does no damage. You block the jelly's attack.
You hit the jelly.
Your hands burn!
You headbutt the jelly.
You kill the jelly!
You hit something.
You hear some strange, mumbled words.
You are confused.
You start resting.
Something hits you.
There is a strange disturbance nearby!
There is a strange disturbance nearby!
You completely miss something.
You hear some strange, mumbled words.
A magic dart appears from out of thin air!
The magic dart hits you!
You die...

#...)....##.#
#..########.#
#..# #.# #..#
#.. #..# #).#
#.)# #){#
#.@#
#.........
#.#######. #.
#. #. #. #.


There were no monsters in sight!

Vanquished Creatures
  Pikel (D:3)
  A lemure (D:3)
  A jelly (D:4)
  A gnoll bouda (D:4)
  2 orc priests (D:4)
  A sleepcap (D:4)
  An iguana (D:4)
  An orc wizard (D:3)
  5 gnolls (D:4)
  2 river rats (D:3)
  3 adders (D:3)
  3 ribbon worms (D:3)
  5 orcs
  4 endoplasms
  4 giant cockroaches
  2 goblins (D:3)
  3 hobgoblins
  3 jackals (D:3)
  3 kobolds (D:3)
  A quokka (D:3)
  8 frilled lizards (D:2)
  8 rats
63 creatures vanquished.

Vanquished Creatures (others)
  A human (D:3)
1 creature vanquished.

Grand Total: 64 creatures vanquished

Notes
Turn   | Place    | Note
-------+----------+-------------------------------------------
     0 | D:1      | browni3141 the Minotaur Fighter began the quest for the
                  | Orb.
     0 | D:1      | Reached XP level 1. HP: 19/19 MP: 0/0
   114 | D:2      | Reached XP level 2. HP: 24/27 MP: 1/1
   222 | D:3      | Reached skill level 3 in Axes
   350 | D:3      | Reached XP level 3. HP: 28/33 MP: 2/2
   377 | D:3      | Reached skill level 1 in Dodging
   748 | D:3      | Found Host's Weapon Shop.
   761 | D:3      | Reached XP level 4. HP: 40/40 MP: 3/3
   966 | D:3      | Found an ancient bone altar of Kikubaaqudgha.
   967 | D:3      | Noticed a human
   969 | D:3      | Killed a human
  1100 | D:3      | Reached skill level 4 in Axes
  1177 | D:4      | Noticed Pikel
  1177 | D:4      | Noticed a lemure
  1177 | D:4      | Noticed a lemure
  1177 | D:4      | Noticed a lemure
  1177 | D:4      | Noticed a lemure
  1182 | D:3      | Killed a lemure
  1188 | D:3      | Killed Pikel
  1189 | D:3      | Reached skill level 5 in Fighting
  1189 | D:3      | Reached skill level 5 in Axes
  1189 | D:3      | Reached skill level 5 in Armour
  1189 | D:3      | Reached skill level 5 in Shields
  1189 | D:3      | Reached XP level 5. HP: 27/48 MP: 4/4
  1189 | D:3      | Reached XP level 6. HP: 32/56 MP: 5/5
  1189 | D:3      | Reached XP level 7. HP: 35/61 MP: 6/6
  1373 | D:4      | Reached skill level 6 in Axes
  1580 | D:4      | HP: 2/61 [acid (3)]
  1583 | D:4      | Killed from afar by an orc wizard

Illustrated notes

Levels and vault maps discovered:
D:1:      minmay_arrival_stair_chambers, layout_basic
D:2:      layout_loops_corners, basic_ecumenical_altar, serial_glass,
          glass_columns_a, glass_columns_b, glass_columns_a, glass_columns_a,
          glass_columns_a, glass_columns_b, nrook_loot_triangle,
          grunt_ministairs_9, minmay_lizard_king, uniq_crazy_yiuf_cottage
D:3:      layout_basic, tgw_kikubaaqudgha, lightli_sewer_entry_pipes,
          serial_shops, shop
D:4:      layout_loops_ring, uniq_pikel

Skill      XL: |  1  2  3  4  5  6  7 |
---------------+----------------------+-----
Axes           | 3 5 6 |  6.2
Fighting       | 4 5 |  5.4
Armour         | 4 5 |  5.5
Dodging        | 1 2 3 |  3.3
Shields        | 4 5 |  5.4

Action                     |  1- 3 |  4- 6 |  7- 9 || total
---------------------------+-------+-------+-------++-------
  Melee: War axe           |    56 |    52 |    34 ||   142
         Headbutt          |     3 |     4 |     1 ||     8
    Use: Potion            |       |     1 |       ||     1
 Armour: Scale mail        |    39 |    29 |    33 ||   101
  Dodge: Dodged            |    34 |    26 |    21 ||    81
  Block: Buckler           |    12 |    14 |     4 ||    30
